 Dungeon Crawl Stone Soup version 0.25-a0-365-g7600c65 (webtiles) character file.

Game seed: 5225114840339839958, levelgen mode: deterministic

23 Birdy the Sneak (level 2, -2/15 HPs)
             Began as a Vine Stalker Assassin on Jan 5, 2020.
             Slain by a kobold (3 damage)
             ... on level 1 of the Dungeon.
             The game lasted 00:01:50 (312 turns).

Birdy the Sneak (Vine Stalker Assassin)              Turns: 312, Time: 00:01:50

Health: -2/15      AC:  4    Str: 13    XL:     2   Next: 95%
Magic:  0/4        EV: 12    Int: 11    God:
Gold:   13         SH:  0    Dex: 15    Spells: 2/2 levels left

rFire    . . .     SeeInvis .   a - +2 dagger
rCold    . . .     Gourm    .   (no shield)
rNeg     . . .     Faith    .   b - +0 robe
rPois    .         Spirit   +   i - +0 helmet
rElec    .         Reflect  .   c - +0 cloak
rCorr    .         Harm     .   (no gloves)
MR       .....                  (no boots)
Stlth    +++.......             (no amulet)
HPRegen  0.05/turn              (no ring)
MPRegen  0.09/turn              (no ring)

@: no status effects
A: fangs 2, magic shield, antimagic bite, no potion heal 3, rot immunity
a: no special abilities


You were on level 1 of the Dungeon.
You were not hungry.

You visited 1 branch of the dungeon, and saw 1 of its levels.

You collected 13 gold pieces.

Inventory:

Hand Weapons
 a - a +2 dagger (weapon)
Missiles
 d - 20 poisoned darts (quivered)
 e - 2 curare-tipped darts
Armour
 b - a +0 robe (worn)
 c - a +0 cloak (worn)
 i - a +0 helmet (worn)
Scrolls
 g - a scroll of identify {unknown}
 h - a scroll of teleportation {unknown}
 j - a scroll of amnesia {unknown}
Comestibles
 f - a ration


   Skills:
 - Level 2.0 Fighting
 + Level 2.0 Short Blades
 - Level 1.7 Throwing
 + Level 0.5 Armour
 + Level 1.2 Dodging
 - Level 5.0 Stealth
 + Level 0.8 Spellcasting


You had 2 spell levels left.
You didn't know any spells.
Your spell library was empty.

Dungeon Overview and Level Annotations

Branches:
Dungeon (1/15)

Altars:


Innate Abilities, Weirdness & Mutations

You have extremely sharp teeth.
When hurt, damage is shared between your health and your magic reserves.
Your bite disrupts and absorbs the magic of your enemies.
Potions cannot restore your health.
You are immune to rotting.


Message History

You closely miss the goblin.
The goblin is severely wounded.
The goblin closely misses you.
You hit the goblin.
You kill the goblin!
You hit the hobgoblin. You bite the hobgoblin. You drain its power.
The hobgoblin is almost dead.
The hobgoblin hits you. The kobold hits you.
* * * LOW HITPOINT WARNING * * *
You are too injured to fight recklessly!
You closely miss the hobgoblin. Your bite misses the hobgoblin.
The hobgoblin is almost dead.
The hobgoblin hits you but does no damage.
The kobold hits you but does no damage.
You hit the hobgoblin but do no damage. Your bite misses the hobgoblin.
The hobgoblin is almost dead.
The hobgoblin hits you.
* * * LOW HITPOINT WARNING * * *
The kobold hits you.
You die...

#.##.#
##.#.>$.#.##........
#.##.#
#.######.#(.#.##.## #.#
#.......<#....##.#
################.##
##....# #...
#.....#########.
#.##............
...######....†#########.
......g@(.#.#.# #.
...####)K)..#.# #.
#..####.# ## ...## #.# #
##..# #.# # .... #.# #
##.## .... # #. #. ##
#..#####.


You could see a hobgoblin and a kobold.

Vanquished Creatures
  3 leopard geckos (D:1)
  2 bats (D:1)
  A giant cockroach (D:1)
  6 goblins (D:1)
  A hobgoblin (D:1)
  2 kobolds (D:1)
  2 frilled lizards (D:1)
17 creatures vanquished.

Notes
Turn   | Place    | Note
-------+----------+-------------------------------------------
     0 | D:1      | Birdy the Vine Stalker Assassin began the quest for the
                  | Orb.
     0 | D:1      | Reached XP level 1. HP: 11/11 MP: 2/2
    13 | D:1      | Noticed an ogre
    68 | D:1      | Reached skill level 1 in Dodging
    68 | D:1      | Reached XP level 2. HP: 15/15 MP: 3/3
   202 | D:1      | Reached skill level 5 in Stealth
   312 | D:1      | Slain by a kobold

Levels and vault maps discovered:
D:1:      evilmike_arrival_come_back, layout_rooms, minmay_domino_2

Skill      XL: |  1  2 |
---------------+-------+-----
Dodging        | 1 |  1.2
Stealth        | 5 |  5.0
Short Blades   | 2 |  2.0
Fighting       | 2 |  2.0
Throwing       | |  1.7
Armour         | |  0.5
Spellcasting   | |  0.8

Action                   || total
-------------------------++-------
Melee: Dagger            ||    36
       Bite              ||     5
  Use: Potion            ||     1
 Stab: Sleeping          ||     8
Armor: Robe              ||     5
Dodge: Dodged            ||    17

Table legend:
 A = Non-vault XP
 B = Vault XP
 C = Vault XP percentage of total XP
 D = Non-vault monster count
 E = Vault monster count
 F = Vault count percentage of total count
                 A         B        C        D         E       F
            +---------+---------+-------+---------+---------+-------
      Total |      30 |       3 |   9.1 |      16 |       1 |   5.9
            +---------+---------+-------+---------+---------+-------
        D:1 |      30 |       3 |   9.1 |      16 |       1 |   5.9
            +---------+---------+-------+---------+---------+-------
